 Dungeon Crawl Stone Soup version 0.24-a0-201-gf205589 (webtiles) character file.

Game seed: 13597564013064218276

49 Ivan the Skirmisher (level 3, -5/33 HPs)
             Began as a Hill Orc Fighter on Mar 22, 2019.
             Slain by an ogre
             ... wielding a +0 giant club
              (19 damage)
             ... on level 3 of the Dungeon.
             The game lasted 00:03:30 (1384 turns).

Ivan the Skirmisher (Hill Orc Fighter)              Turns: 1384, Time: 00:03:33

Health: -5/33      AC:  6    Str: 24    XL:     3   Next: 75%
Magic:  3/3        EV:  7    Int:  8    God:
Gold:   73         SH:  9    Dex: 10    Spells: 2/2 levels left

rFire    . . .     SeeInvis .   a - +0 war axe
rCold    . . .     Gourm    .   c - +0 shield
rNeg     . . .     Faith    .   b - +0 scale mail
rPois    .         Spirit   .   (no helmet)
rElec    .         Reflect  .   (no cloak)
rCorr    .         Harm     .   (no gloves)
MR       .....                  (no boots)
Stlth    ..........             (no amulet)
HPRegen  0.11/turn              (no ring)
MPRegen  0.08/turn              (no ring)

@: mighty, lethally poisoned (-5 -> -7), lightly drained
A: no striking features
a: no special abilities


You were on level 3 of the Dungeon.
You were hungry.

You visited 1 branch of the dungeon, and saw 3 of its levels.

You collected 73 gold pieces.

Inventory:

Hand Weapons
 a - a +0 war axe (weapon)
Armour
 b - a +0 scale mail (worn)
 c - a +0 shield (worn)
Jewellery
 l - an uncursed amulet of the acrobat {unknown}
Scrolls
 e - 2 scrolls of remove curse {unknown}
 g - a scroll of enchant armour {unknown}
 i - 3 scrolls of identify {unknown}
 j - a scroll of blinking {unknown}
 k - a scroll of teleportation {unknown}
Potions
 d - a potion of might
 h - a potion of heal wounds
Comestibles
 f - 8 rations


   Skills:
 + Level 4.0(3.7) Fighting
 * Level 3.8(3.6) Axes
 + Level 3.7(3.4) Armour
 + Level 3.8(3.5) Shields


You had 2 spell levels left.
You didn't know any spells.
Your spell library was empty.

Dungeon Overview and Level Annotations

Branches:
Dungeon (3/15)

Altars:
Ashenzari


Message History

You feel very mighty all of a sudden. The ice beast hits you.
The ice beast freezes you.
* * * LOW HITPOINT WARNING * * *
The adder bites you but does no damage.
It was a potion of heal wounds.
You feel much better. You block the adder's attack.
The ice beast barely misses you.
The ogre hits you with a +0 giant club!!
Ouch! That really hurt!
The adder bites you but does no damage.
You are too injured to fight recklessly!
You are too injured to fight recklessly!
You are too injured to fight recklessly!
You slice the ice beast!!
The ice beast is almost dead.
You barely miss the adder. You slash the ogre!
The ice beast hits you but does no damage.
The adder closely misses you.
The ogre hits you with a +0 giant club!!
Ouch! That really hurt!
You die...

....#
##+###....#
#.........#
#.........# .
#.........#..
#............
#...OSY......
#....@.......
#............
#............
#............
#.........###
###########


You could see an ice beast, an ogre and an adder.

Vanquished Creatures
  An ooze (D:2)
  A dart slug (D:2)
  2 leopard geckos
  3 bats
  3 giant cockroaches
  4 goblins
  4 hobgoblins (D:2)
  4 jackals (D:2)
  3 frilled lizards
  8 kobolds
  5 rats
38 creatures vanquished.

Notes
Turn   | Place    | Note
-------+----------+-------------------------------------------
     0 | D:1      | Ivan the Hill Orc Fighter began the quest for the Orb.
     0 | D:1      | Reached XP level 1. HP: 19/19 MP: 1/1
   195 | D:1      | Reached XP level 2. HP: 27/27 MP: 2/2
   823 | D:2      | Reached skill level 4 in Fighting
   832 | D:2      | Reached XP level 3. HP: 26/33 MP: 3/3
   978 | D:2      | Found a shattered altar of Ashenzari.
  1374 | D:3      | Noticed an ice beast
  1376 | D:3      | Noticed an ogre
  1384 | D:3      | Slain by an ogre

Levels and vault maps discovered:
D:1:      scummos_arrival_simple_crosswalls, layout_basic, minivault_11
D:2:      layout_loops_ring, lemuel_doored_altar
D:3:      layout_basic, grunt_temple_overflow_open

Skill      XL: |  1  2 |
---------------+-------+-----
Axes           | 3 |  3.8
Fighting       | 4 |  4.0
Armour         | |  3.7
Shields        | |  3.8

Action                   || total
-------------------------++-------
Melee: War axe           ||   135
  Use: Potion            ||     2
  Eat: Chunk             ||     1
Armor: Scale mail        ||    70
Dodge: Dodged            ||    62
Block: Shield            ||    82

Table legend:
 A = Non-vault XP
 B = Vault XP
 C = Vault XP percentage of total XP
 D = Non-vault monster count
 E = Vault monster count
 F = Vault count percentage of total count
                 A         B        C        D         E       F
            +---------+---------+-------+---------+---------+-------
      Total |      70 |       0 |   0.0 |      38 |       0 |   0.0
            +---------+---------+-------+---------+---------+-------
        D:1 |      22 |       0 |   0.0 |      14 |       0 |   0.0
        D:2 |      47 |       0 |   0.0 |      23 |       0 |   0.0
        D:3 |       1 |       0 |   0.0 |       1 |       0 |   0.0
            +---------+---------+-------+---------+---------+-------
